Map: Catalyst LE

Players

Stealthbreed

  • Race: Terran Terran
  • League: Diamond
  • Spawn Location: 11:00

Bourbond - Winner!

  • Race: Terran Terran
  • League: Master
  • Spawn Location: 5:00

VOD

Have the link to the VOD?

Description

Time

  • Played on: Jan. 6, 2018, 2:48 a.m.
  • Length: 21:39
Show
View Real Time Build Order
Export as new Build Order

Stealthbreed Terran 

Build Orders: 1/1/1, Cyclone Opening 

Get SALT Encoding   

  12  0:00  SCV  
  13  0:12  SCV  
  14  0:17  Supply Depot  
  14  0:24  SCV  
  15  0:28  Refinery  
  15  0:38  SCV  
  16  0:45  Barracks  
  16  0:51  SCV  
  17  0:58  Refinery  
  17  1:03  SCV  
  18  1:15  SCV  
  19  1:27  SCV  
  20  1:39  Orbital Command  
  20  1:40  Factory  
  20  1:48  Reaper  
  21  1:57  Supply Depot  
  21  2:05  SCV  
  22  2:18  SCV  
  23  2:23  Reaper  
  23  2:26  Starport  
  24  2:34  Supply Depot  
  24  2:37  Cyclone  
  27  2:49  SCV  
  28  2:57  Barracks Tech Lab  
  28  3:19  SCV  
  29  3:21  Cloaking Field  
  29  3:22  Banshee  
  29  3:23  Cyclone  
  35  3:34  Command Center  
  35  3:38  SCV  
  35  3:40  Supply Depot  
  36  3:48  Barracks Reactor  
  36  3:50  SCV  
  36  4:03  SCV  
  36  4:05  Supply Depot  
  36  4:08  Banshee  
  40  4:12  Cyclone  
  43  4:21  SCV  
  41  4:34  SCV  
  42  4:40  Barracks Tech Lab  
  42  4:57  Orbital Command  
  36  5:09  SCV  
  33  5:21  SCV  
  27  5:42  Raven  
  24  5:43  Cyclone x2  
  24  5:44  Engineering Bay, Marine  
  33  5:55  SCV  
  34  6:01  SCV  
  35  6:07  SCV  
  36  6:13  SCV  
  37  6:23  SCV  
  38  6:26  Missile Turret, SCV  
  38  6:29  Viking  
  38  6:30  Cyclone  
  38  6:32  Hellion, Missile Turret  
  46  6:44  SCV x2  
  48  6:58  SCV  
  48  7:00  SCV  
  48  7:01  Factory  
  50  7:02  Cyclone  
  50  7:03  Hellion  
  55  7:11  SCV  
  55  7:12  SCV  
  55  7:14  Command Center  
  57  7:23  SCV  
  58  7:32  Hellion  
  58  7:35  SCV x2  
  59  8:06  SCV x2  
  59  8:07  Siege Tank, Hellion x2  
  59  8:10  Viking  
  59  8:11  Barracks Reactor  
  70  8:15  Factory  
  70  8:18  Refinery  
  70  8:19  Refinery  
  70  8:22  Supply Depot x2  
  70  8:25  SCV x2  
  72  8:31  Hellion x2  
  76  8:36  Missile Turret  
  76  8:38  SCV  
  76  8:40  Siege Tank  
  80  8:42  SCV  
  80  8:46  Supply Depot x2  
  81  8:53  Orbital Command, SCV  
  82  8:56  SCV  
  82  8:59  Barracks Tech Lab  
  82  9:00  Hellion  
  85  9:06  SCV  
  86  9:11  Siege Tank, Hellion  
  91  9:30  Siege Tank  
  91  9:31  Hellion, Missile Turret  
  96  9:35  Armory  
  96  9:37  SCV x3  
  99  9:51  Hellion  
  101  9:53  SCV x3  
  104  10:02  Missile Turret  
  104  10:03  Missile Turret  
  104  10:05  Siege Tank, Missile Turret, Rapid Fire Launchers  
  104  10:07  Infernal Pre-Igniter  
  107  10:09  Hellion  
  108  10:19  Hellion, Siege Tank  
  91  10:52  Hellion x2, Siege Tank x2  
  101  11:04  Orbital Command  
  94  11:26  Hellion x2, Siege Tank x2  
  94  11:27  SCV x2  
  106  11:37  Factory, Armory  
  106  11:40  Factory  
  106  11:42  Refinery, SCV x3  
  109  11:48  Refinery  
  109  11:51  Terran Vehicle And Ship Armor Level 1  
  110  11:54  SCV x3  
  112  12:01  Barracks Reactor  
  99  12:24  Hellion x2, Factory Tech Lab  
  99  12:25  Factory Reactor  
  103  12:32  Siege Tank x2, Missile Turret  
  103  12:33  Missile Turret  
  103  12:34  Missile Turret  
  109  12:45  Sensor Tower  
  109  12:49  Hellion x4  
  117  12:53  Terran Vehicle Weapons Level 1  
  117  13:02  Supply Depot  
  117  13:03  Supply Depot  
  117  13:05  Supply Depot  
  117  13:24  Thor, SCV x2  
  117  13:25  Viking x2, SCV  
  130  13:29  Hellion x2  
  130  13:30  Siege Tank, Hellion x2  
  141  13:39  Supply Depot x2  
  141  13:45  Siege Tank  
  128  14:02  Siege Tank  
  111  14:04  Hellion  
  111  14:05  Hellion x3  
  111  14:07  Orbital Command  
  117  14:16  SCV x2  
  115  14:18  Terran Vehicle And Ship Armor Level 2  
  115  14:28  SCV x2  
  115  14:29  Refinery  
  115  14:30  Sensor Tower  
  117  14:33  Hellion x4, Siege Tank  
  117  14:34  Siege Tank  
  117  14:37  Viking x2  
  135  14:52  SCV x2  
  133  15:18  Liberator x2  
  104  15:29  Hellion x4  
  104  15:30  Siege Tank x3  
  127  15:53  Command Center  
  127  15:56  Hellion x4  
  135  16:04  Barracks  
  135  16:06  Starport x2  
  124  16:18  Hellion x4, Siege Tank x3  
  97  16:56  Hellion x4, Thor  
  97  16:59  Siege Tank  
  97  17:01  Siege Tank  
  113  17:02  Starport Reactor  
  113  17:04  Starport Tech Lab  
  113  17:27  Factory  
  113  17:28  Factory  
  113  17:35  Terran Vehicle Weapons Level 2  
  113  17:36  Terran Vehicle And Ship Armor Level 3  
  91  18:23  Hellion x4, Siege Tank x3  
  88  18:36  Factory Reactor, Factory Tech Lab  
  88  18:50  Hellion x4  
  96  19:01  Siege Tank x4  
  108  19:16  Viking  
  108  19:17  Viking  
  102  19:18  Hellion x5  
  102  19:19  Viking x2  
  88  19:57  Orbital Command  
  79  20:06  Hellion x4  
  79  20:07  Hellion x2, Siege Tank x4  
  92  20:20  Refinery  
  92  21:02  Siege Tank x2  
  92  21:03  Hellion x2  
  102  21:04  Sensor Tower  
  102  21:08  Sensor Tower  
Show
View Real Time Build Order
Export as new Build Order

Bourbond Terran - Winner!

Build Orders: 1/1/1, Cyclone Opening 

Get SALT Encoding   

  12  0:00  SCV  
  13  0:13  SCV  
  14  0:17  Supply Depot  
  14  0:25  SCV  
  15  0:29  Refinery  
  15  0:38  SCV  
  16  0:46  Barracks  
  16  0:51  SCV  
  17  0:57  Refinery  
  17  1:03  SCV  
  18  1:15  SCV  
  19  1:33  Orbital Command, Reaper  
  19  1:39  Factory  
  20  1:49  Supply Depot  
  20  1:58  SCV  
  21  2:05  Reaper  
  22  2:11  SCV  
  25  2:23  Hellion, SCV  
  25  2:24  Starport  
  26  2:34  Supply Depot  
  26  2:35  SCV  
  27  2:41  Barracks Reactor  
  27  2:47  SCV  
  27  2:48  Cyclone  
  30  2:59  SCV  
  31  3:09  Starport Tech Lab  
  31  3:11  SCV  
  32  3:15  Supply Depot  
  32  3:20  Cyclone  
  32  3:25  SCV  
  36  3:28  Banshee  
  36  3:30  Cloaking Field  
  37  3:37  SCV  
  38  3:43  Marine x2  
  39  4:00  SCV  
  40  4:09  Command Center  
  40  4:11  Banshee  
  40  4:12  SCV  
  44  4:19  Supply Depot  
  44  4:29  SCV  
  39  4:32  Factory Tech Lab  
  39  4:35  Engineering Bay  
  39  4:38  Marine x2  
  39  4:41  SCV  
  39  4:53  SCV  
  39  4:54  Raven  
  39  5:04  Missile Turret  
  38  5:10  Marine x2  
  37  5:15  Missile Turret, SCV  
  34  5:27  SCV  
  28  5:39  SCV  
  28  5:42  Marine x2  
  29  5:51  SCV  
  29  5:53  Siege Tank  
  33  5:59  Command Center  
  33  6:00  Marine x2  
  33  6:03  SCV  
  36  6:15  SCV  
  37  6:18  Barracks  
  37  6:25  Bunker  
  34  6:27  Orbital Command  
  34  6:28  SCV  
  34  6:30  Marine  
  36  6:40  SCV  
  36  6:43  Siege Tank  
  36  6:44  Marine  
  41  6:52  SCV  
  41  6:53  Missile Turret  
  42  7:01  SCV  
  43  7:02  Barracks  
  43  7:04  SCV  
  44  7:08  Starport Reactor  
  44  7:11  Orbital Command  
  44  7:13  SCV  
  44  7:15  Stimpack  
  45  7:16  Marauder  
  45  7:21  Marine x2  
  45  7:22  SCV  
  50  7:24  Siege Tank  
  50  7:29  SCV  
  54  7:34  SCV  
  55  7:37  Marine  
  55  7:38  SCV  
  55  7:41  Refinery, SCV  
  55  7:42  Refinery  
  58  7:46  Supply Depot, Marine x2  
  58  7:48  Medivac  
  58  7:49  SCV  
  62  8:04  Marine, SCV  
  62  8:05  Marine  
  64  8:11  SCV x2  
  66  8:16  SCV  
  66  8:17  Barracks Reactor  
  67  8:21  Engineering Bay  
  67  8:22  Marine  
  67  8:24  Barracks  
  67  8:25  Barracks, SCV  
  69  8:30  Marine x2  
  69  8:33  Viking  
  73  8:35  SCV x2  
  73  8:40  Marine  
  76  8:45  SCV  
  76  8:47  Supply Depot  
  77  8:48  Supply Depot, Terran Infantry Weapons Level 1, Terran Infantry Armor Level 1  
  77  8:51  SCV  
  77  8:55  Marine x3  
  79  9:01  Siege Tank  
  84  9:06  SCV  
  85  9:16  Refinery  
  85  9:20  Refinery  
  85  9:21  Marauder, Marine x4  
  85  9:22  Barracks Reactor x2  
  85  9:23  Barracks Tech Lab  
  82  9:24  Barracks Reactor  
  82  9:28  Missile Turret  
  82  9:29  Combat Shields  
  81  9:32  Medivac  
  81  9:35  SCV x2  
  85  9:41  Marine  
  85  9:42  Marine  
  85  9:45  Concussive Shells  
  87  9:47  Medivac, Orbital Command  
  87  9:50  SCV  
  87  9:51  Supply Depot  
  90  10:03  Marauder x2, Marine x4  
  98  10:12  Armory  
  99  10:14  SCV x2  
  99  10:18  Marine  
  99  10:19  Marine  
  84  10:46  Marine  
  84  10:47  Marauder, Marine  
  84  10:49  Marine  
  83  10:50  Marauder, Marine x3  
  83  10:51  SCV x2  
  83  10:52  Medivac x2  
  93  11:04  Marine x2  
  93  11:06  Terran Infantry Weapons Level 2, Terran Infantry Armor Level 2  
  93  11:07  Marine x2  
  93  11:08  Marauder, Marine x2, Terran Vehicle Weapons Level 1  
  99  11:11  Marauder  
  99  11:13  Factory  
  99  11:14  SCV x2  
  99  11:15  SCV  
  102  11:18  Supply Depot  
  102  11:22  Marine x2  
  96  11:26  SCV  
  96  11:30  Marauder  
  96  11:33  Marine x3  
  96  11:34  Marauder  
  96  11:36  Medivac x2  
  96  11:37  Siege Tank  
  96  11:39  Marine  
  108  11:40  Marine  
  110  11:48  Supply Depot  
  110  11:49  Supply Depot, Sensor Tower, SCV  
  110  11:50  Marine  
  110  11:51  Supply Depot, Marauder  
  110  11:53  SCV  
  110  12:14  Marauder, Marine x6  
  110  12:15  Marauder  
  113  12:16  SCV x2  
  113  12:17  SCV  
  108  12:28  SCV  
  108  12:29  SCV x2  
  111  12:31  Siege Tank, Factory Tech Lab  
  111  12:32  Medivac, Marine x5  
  121  12:40  Starport  
  121  12:41  SCV x2  
  121  12:42  Supply Depot  
  123  12:47  Barracks x2  
  123  12:48  Barracks  
  123  12:51  Missile Turret  
  123  12:52  Missile Turret  
  123  12:56  Missile Turret  
  123  12:57  Siege Tank  
  126  13:03  Siege Tank  
  126  13:05  Supply Depot  
  129  13:09  Sensor Tower, Marine x3  
  129  13:10  Marauder, Marine, Missile Turret  
  134  13:22  Marauder, Marine x2  
  134  13:25  Terran Infantry Weapons Level 3  
  138  13:27  Marine x2  
  138  13:28  SCV  
  138  13:29  Supply Depot  
  138  13:31  Marauder  
  142  13:34  SCV  
  142  13:35  SCV  
  135  13:56  Marauder, Marine x4  
  135  13:57  Marauder, Marine x2  
  135  13:59  Barracks Tech Lab  
  135  14:00  Barracks Tech Lab  
  135  14:01  Barracks Reactor  
  117  14:11  Medivac  
  117  14:14  Marine x3  
  113  14:18  Marauder x2  
  117  14:26  Siege Tank x2  
  117  14:28  Medivac  
  117  14:29  Marine x4  
  129  14:39  Marauder x2  
  129  14:40  Supply Depot, Missile Turret  
  129  14:41  Starport Reactor  
  129  14:43  Terran Infantry Armor Level 3  
  132  15:05  Marauder, Marine x4  
  132  15:06  Marauder x3, Marine x2  
  137  15:18  Viking x3  
  134  15:28  Marauder, Marine x2  
  126  15:34  Marauder, Marine x4  
  129  15:37  Marine x2  
  131  15:44  Orbital Command  
  131  15:47  SCV  
  132  16:09  Refinery  
  125  16:11  Refinery  
  125  16:15  Marauder, Marine x7  
  125  16:16  Marauder x3, Marine  
  123  16:22  SCV x3  
  126  16:28  Medivac  
  128  16:32  Marine  
  128  16:34  SCV x3  
  132  16:44  Liberator  
  132  16:46  Marine, SCV x2  
  137  16:47  Marauder  
  130  16:59  Marine  
  130  17:00  Marauder x2, Marine x5  
  130  17:01  Marauder  
  142  17:04  Viking, Command Center  
  147  17:13  Marauder, Marine x2  
  147  17:14  Siege Tank  
  154  17:21  Marine x3  
  154  17:22  Marauder  
  158  17:23  Terran Vehicle Weapons Level 2  
  158  17:25  Building Armor  
  158  17:32  Medivac, Viking  
  162  17:45  Marine  
  162  17:46  Marauder, Marine  
  162  17:47  Marine x3  
  162  17:48  Marauder x2, Marine x3  
  176  17:53  Viking  
  176  17:55  SCV  
  138  18:23  Marine  
  138  18:24  Marauder x3, Marine x6  
  138  18:25  SCV x2  
  126  18:41  Marauder, Marine x2  
  126  18:46  Viking  
  122  19:17  Marine  
  122  19:18  Marauder x3, Marine x4  
  122  19:22  SCV  
  122  19:23  SCV  
  135  19:43  Viking x3  
  130  19:57  Marauder, Marine x2  
  125  20:03  Marine  
  125  20:04  Marauder x2, Marine x5  
  125  20:05  Marauder, Siege Tank  
  136  20:13  Planetary Fortress  
  133  20:14  Marine  
  133  20:30  Viking x4  
  141  20:47  Marine  
  141  20:48  Marauder, Marine x4  
  141  20:49  Marauder  
  150  20:59  Medivac, Marine  
  150  21:00  Medivac  
  155  21:08  Marine  
  155  21:09  Marauder x2, Marine x6  
  155  21:10  Marauder  
Tags
 
Add a new tag
Caveats
  • Supply blocks, unpowered buildings, or Contaminate may cause inaccurate times.
  • Supply counts are checked every 10 seconds.